Map: Para Site LE

Players

TIME (Oliveira)

  • Race: Terran Terran
  • Spawn Location: 5:00

Stephano - Winner!

  • Race: Zerg Zerg
  • Spawn Location: 11:00

Event: WCS Montreal 2018

VOD

https://www.youtube.com/watch?v=bFjWe0t5nZ4

Description

Stephano opens Hatch First while TIME goes for a 1 Rax Expand. Stephano follows up with an early 3rd, but he gets Zerglings out just in time when the Reaper arrives to delay until the Queen finishes. Stephano gets a full scout at 4:00 about TIME's 3rd CC and tech, so TIME follows up with a Hellion drop in the main but doesn't do much damage while Stephano continues to get creep coverage.

At 6:00, TIME goes for a big push and clears out creep for it, but Stephano still gets a big surround with Zerglings and Banelings. He clears out the Tanks but is unable to capitalize on it with a counter push.

As both players approach max armies, TIME starts to mix in Liberators for harass while Stephano continues to mass Zerglings. He starts his +3/+3 upgrades at 9:40 just as TIME sets up for another push on Stephano's next expansion, but Stephano gets a big surround to push it back again. TIME continues to keep marching at home.

Instead of going for Ultralisks, Stephano follows up with 2 Spires and Adrenal Glands. TIME sets up multiple drops and Liberators on mineral lines, and Stephano responds with a push. Both players start trading across the map while TIME is losing SCVs, but both players have significant banks left.

At 14:00, Stephano starts adding Corruptors for the Liberators while TIME gets Marauders to deal with the Banelings. Both Stephano and TIME manage to take down opposing bases. As they trade, Stephano stays maxed on Zerglings and Banelings while TIME's supply drops but adds in a few Ghosts.

TIME turtles up to protect his mining bases, but Stephano overwhelms him with multiple Zergling attacks to force a GG.

Time

  • Played on: Sept. 7, 2018, 9:29 p.m.
  • Length: 19:11

All games in this series

Show
View Real Time Build Order
Export as new Build Order

TIME Terran 

Build Orders: Reaper Expand, Bio Tank 

Get SALT Encoding   

  12  0:00  SCV  
  13  0:13  SCV  
  14  0:17  Supply Depot  
  14  0:25  SCV  
  15  0:38  SCV  
  15  0:39  Barracks  
  16  0:43  Refinery  
  16  0:50  SCV  
  17  1:02  SCV  
  18  1:14  SCV  
  19  1:27  Reaper, Orbital Command  
  20  1:38  Command Center  
  20  1:47  Supply Depot  
  20  1:53  SCV  
  21  1:59  Marine  
  22  2:03  Factory  
  22  2:05  SCV  
  23  2:17  SCV  
  23  2:20  Barracks Reactor  
  24  2:29  SCV  
  25  2:36  Command Center  
  25  2:41  SCV  
  26  2:50  Orbital Command  
  26  2:53  SCV  
  27  3:01  Starport  
  27  3:03  Refinery  
  27  3:06  SCV  
  27  3:07  Barracks Tech Lab  
  28  3:14  Hellion x2  
  28  3:17  SCV  
  28  3:19  SCV  
  34  3:29  SCV  
  34  3:32  SCV  
  36  3:35  Hellion x2  
  36  3:38  Medivac  
  42  3:41  SCV  
  42  3:44  SCV  
  44  3:48  Orbital Command  
  44  3:53  SCV  
  45  3:56  Stimpack  
  45  3:58  SCV  
  46  4:05  SCV  
  46  4:06  Factory Reactor, Barracks x2  
  46  4:08  Marine  
  48  4:10  SCV  
  48  4:16  SCV, Supply Depot  
  50  4:17  SCV  
  50  4:22  SCV  
  52  4:26  Marine  
  52  4:29  SCV  
  52  4:30  Engineering Bay x2  
  54  4:33  SCV  
  54  4:34  SCV  
  54  4:35  Starport Reactor, Supply Depot  
  56  4:42  Refinery  
  56  4:43  Marine, Refinery  
  58  4:45  SCV  
  58  4:50  Factory Tech Lab  
  58  4:51  SCV  
  59  4:55  Marine x2  
  61  5:00  SCV, Terran Infantry Weapons Level 1, Terran Infantry Armor Level 1  
  61  5:01  Marine, Orbital Command  
  61  5:02  Supply Depot  
  61  5:03  Marine x2  
  66  5:13  Marine  
  66  5:14  Marine, Siege Tank  
  66  5:17  SCV x2  
  66  5:19  Marine  
  73  5:22  Marine x2  
  75  5:29  SCV, Barracks, Supply Depot  
  75  5:30  Barracks  
  75  5:31  Marine  
  75  5:33  Marine  
  80  5:36  Medivac  
  80  5:37  Medivac, Marine  
  80  5:39  SCV  
  80  5:41  SCV  
  85  5:50  SCV, Supply Depot  
  85  5:51  SCV  
  85  5:52  Armory, Marine  
  85  5:53  Marine, Supply Depot  
  85  5:55  SCV  
  85  5:56  Marine  
  91  5:59  Combat Shields  
  91  6:00  Marine  
  91  6:01  Marine  
  93  6:11  SCV, Marine  
  93  6:12  SCV x2, Siege Tank  
  93  6:14  Medivac  
  93  6:15  Marine  
  93  6:18  Marine  
  104  6:19  Barracks Reactor x2  
  104  6:24  SCV  
  105  6:26  SCV  
  105  6:29  Supply Depot  
  105  6:31  Marine  
  107  6:33  Medivac  
  107  6:36  Refinery x2  
  107  6:39  Supply Depot  
  109  6:40  Supply Depot  
  109  6:49  SCV  
  109  6:50  SCV, Siege Tank, Marine x4  
  109  6:52  Marine  
  96  6:55  SCV  
  96  6:57  Terran Infantry Weapons Level 2  
  97  7:02  Marine x2  
  97  7:04  Marine x2  
  97  7:06  Supply Depot  
  97  7:07  Marine  
  97  7:08  Marine x3  
  105  7:09  Supply Depot  
  105  7:13  Terran Infantry Armor Level 2  
  105  7:14  Marine  
  106  7:15  SCV  
  106  7:20  Marine x2  
  109  7:26  Marine x4  
  109  7:27  Siege Tank  
  109  7:29  SCV  
  116  7:31  SCV  
  116  7:32  Liberator, Marine  
  116  7:35  Liberator  
  116  7:37  Factory  
  118  7:38  SCV, Marine  
  118  7:39  Marine  
  118  7:41  SCV  
  122  7:47  Marine x3  
  122  7:48  Marine x2  
  128  7:55  Marine  
  132  8:01  Marine  
  132  8:02  Supply Depot  
  132  8:03  Terran Vehicle Weapons Level 1  
  132  8:05  Marine x3  
  136  8:06  Marine x2  
  136  8:08  Siege Tank  
  136  8:09  SCV  
  136  8:11  Marine  
  143  8:13  Marine  
  143  8:17  SCV  
  143  8:19  Marine x2  
  147  8:22  Factory Tech Lab  
  147  8:26  Marine x3  
  150  8:27  Marine x2  
  150  8:31  Supply Depot  
  150  8:34  Command Center, Marine x2  
  152  8:36  Supply Depot  
  152  8:40  Marine x2  
  154  8:44  Medivac, Marine  
  157  8:52  Marine x2  
  157  8:53  Marine x2  
  157  8:54  Siege Tank  
  164  8:56  Siege Tank  
  164  9:09  Marine  
  163  9:11  Marine x2  
  163  9:14  Marine x2  
  168  9:19  Terran Infantry Weapons Level 3  
  168  9:21  Marine x3  
  168  9:23  SCV, Marine  
  169  9:27  Marine  
  169  9:29  Marine, Supply Depot  
  171  9:37  Marine x2  
  173  9:40  Supply Depot x2  
  173  9:45  Siege Tank x2, Marine  
  180  9:46  Barracks x2  
  180  9:47  Liberator x2, Barracks  
  180  9:52  Marine  
  177  9:54  Marine x2  
  160  10:02  Marine  
  160  10:03  Marine x2  
  160  10:05  Marine x2  
  146  10:08  SCV  
  146  10:10  Marine  
  146  10:12  Marine  
  149  10:14  Marine  
  149  10:16  Sensor Tower  
  149  10:17  Siege Tank  
  149  10:19  Marine  
  149  10:21  Marine  
  154  10:25  Terran Infantry Armor Level 3  
  154  10:29  Terran Vehicle Weapons Level 2  
  154  10:31  Siege Tank  
  154  10:33  Marine  
  154  10:35  Barracks Tech Lab x2  
  158  10:36  Barracks Tech Lab  
  158  10:37  Marine  
  158  10:39  Marine  
  158  10:40  Marine  
  158  10:42  Marine  
  162  10:49  Siege Tank  
  165  10:52  Medivac x2, Marine  
  165  10:55  Marine  
  171  11:01  Marine  
  171  11:03  Siege Tank  
  175  11:06  Marine x2  
  177  11:14  Marine  
  177  11:15  Marine x2  
  178  11:20  Marine  
  178  11:21  Marine  
  178  11:22  Siege Tank  
  181  11:29  Marine x2  
  181  11:30  Marauder x2  
  181  11:31  Planetary Fortress, Supply Depot  
  185  11:35  Sensor Tower  
  185  11:37  Marine x2  
  185  11:38  Marauder, Marine  
  189  11:43  Siege Tank  
  189  11:44  Marine x2  
  189  11:45  Marine  
  189  11:46  Marauder  
  197  11:47  Marine x2  
  197  11:53  Command Center  
  199  11:55  Marine  
  196  12:02  Siege Tank  
  196  12:05  Marine x2  
  200  12:18  Command Center  
  200  12:26  Command Center  
  195  12:42  Liberator  
  195  12:43  Liberator  
  187  12:50  Marine  
  180  12:53  Marine, Siege Tank  
  180  12:54  Marine x2  
  180  12:57  SCV  
  180  12:58  SCV x3, Marine x3  
  177  12:59  Marauder, Siege Tank  
  166  13:09  SCV  
  166  13:10  SCV x3  
  166  13:12  Marine  
  164  13:13  Marauder  
  164  13:16  Command Center  
  164  13:19  Marine x2  
  159  13:20  Marauder  
  159  13:21  SCV  
  159  13:23  Marauder, Marine x2  
  159  13:25  Siege Tank  
  159  13:26  Marauder, Marine x2  
  165  13:27  Marine  
  165  13:32  Marine  
  162  13:34  Marauder  
  162  13:35  Siege Tank  
  162  13:37  Marine  
  162  13:39  Marine  
  162  13:41  Marauder  
  171  13:42  Concussive Shells, Marine  
  171  13:43  Marine x2  
  171  13:45  Marauder  
  171  13:48  Marauder  
  169  13:51  Marine  
  163  13:56  Marauder, SCV x3  
  163  13:58  SCV, Marine x2  
  163  14:02  Marauder  
  162  14:05  Marine x2  
  162  14:08  SCV x2  
  162  14:09  SCV  
  166  14:10  SCV  
  143  14:21  Marine x2  
  143  14:22  Marauder x2  
  143  14:23  Marine  
  122  14:24  SCV  
  122  14:26  SCV  
  122  14:27  SCV  
  125  14:33  Planetary Fortress  
  125  14:34  Marine x2  
  125  14:36  Marine  
  125  14:37  Marine  
  129  14:39  Factory Tech Lab  
  129  14:40  SCV  
  129  14:43  SCV  
  131  14:46  SCV x2  
  133  14:52  Marine  
  133  14:53  Marauder  
  133  14:58  Marine x2  
  141  15:08  Marine x3  
  141  15:09  Marauder x2  
  141  15:12  Marine  
  141  15:14  SCV  
  157  15:15  Marine x2  
  157  15:18  SCV  
  159  15:24  Marine  
  155  15:29  Ghost Academy, Viking x2  
  155  15:30  Widow Mine  
  155  15:31  Widow Mine  
  155  15:32  Drilling Claws  
  155  15:34  SCV  
  155  15:35  Marine x2  
  151  15:37  Marine  
  152  15:46  Marine  
  152  15:48  SCV, Terran Ship Weapons Level 1  
  152  15:49  SCV  
  150  15:50  SCV  
  150  15:53  Marine x3  
  150  15:59  Ghost x3  
  150  16:00  Ghost  
  150  16:02  Viking  
  160  16:04  Viking  
  160  16:06  SCV  
  160  16:10  Widow Mine x2  
  167  16:17  Marine  
  168  16:23  SCV  
  170  16:30  Command Center, Ghost  
  171  16:37  Ghost  
  155  16:40  Ghost  
  155  16:43  SCV x3  
  158  16:47  Personal Cloaking  
  158  16:54  SCV  
  159  16:55  Medivac  
  159  16:56  Medivac  
  159  16:59  SCV  
  159  17:00  SCV  
  152  17:16  SCV  
  152  17:17  SCV x2  
  152  17:18  Ghost x2  
  152  17:19  Command Center  
  152  17:21  Marine  
  153  17:23  SCV  
  153  17:26  Marine  
  153  17:28  SCV  
  153  17:29  SCV, Marine x2  
  130  17:32  SCV, Ghost  
  130  17:35  SCV  
  124  17:39  Ghost  
  124  17:40  SCV  
  125  17:44  SCV  
  125  17:45  SCV  
  125  17:46  Factory Reactor  
  127  17:52  SCV  
  127  17:53  Widow Mine  
  127  17:57  Ghost  
  132  18:00  Marine  
  132  18:05  Marine  
  134  18:06  Marine x3  
  134  18:07  Marauder  
  134  18:09  Marine x2  
  134  18:12  SCV x2  
  141  18:14  Marine  
  141  18:19  Marauder, Marine  
  146  18:22  Widow Mine  
  146  18:24  Widow Mine  
  146  18:25  Widow Mine  
  146  18:26  Marine  
  152  18:28  Marine x2  
  154  18:37  Sensor Tower  
  149  18:54  SCV x2  
Show
View Real Time Build Order
Export as new Build Order

Stephano Zerg - Winner!

Build Orders: Hatch First 

Get SALT Encoding   

  12  0:00  Drone  
  13  0:13  Overlord  
  13  0:18  Drone  
  14  0:31  Drone x2  
  16  0:48  Hatchery  
  15  0:51  Drone  
  15  0:55  Drone  
  17  0:58  Drone  
  18  1:10  Extractor  
  17  1:14  Spawning Pool  
  17  1:16  Drone  
  17  1:19  Drone  
  18  1:28  Drone  
  19  1:39  Drone  
  20  1:50  Drone  
  21  2:00  Queen x2  
  21  2:01  Zergling x4  
  27  2:11  Overlord  
  27  2:13  Drone  
  28  2:21  Hatchery  
  27  2:24  Drone  
  28  2:34  Drone x3  
  31  2:38  Queen  
  31  2:44  Drone  
  34  2:48  Overlord  
  34  2:55  Drone x2  
  36  3:11  Drone x2  
  36  3:12  Drone x3  
  41  3:16  Drone, Queen  
  41  3:18  Metabolic Boost  
  44  3:22  Overlord  
  44  3:32  Queen  
  44  3:33  Overlord  
  46  3:34  Queen  
  46  3:35  Drone  
  49  3:44  Drone x5  
  54  3:49  Zergling x4  
  54  3:50  Zergling x2  
  54  3:52  Overlord  
  57  3:56  Queen  
  57  3:59  Drone  
  57  4:00  Drone  
  57  4:02  Drone  
  62  4:04  Drone  
  62  4:05  Drone  
  64  4:11  Drone x2  
  64  4:17  Drone x3, Evolution Chamber  
  65  4:18  Evolution Chamber  
  65  4:20  Overlord  
  65  4:22  Overlord  
  67  4:27  Spore Crawler  
  66  4:38  Drone x4  
  66  4:39  Extractor x2  
  66  4:40  Drone x3  
  66  4:44  Drone x4, Zerg Ground Armor Level 1  
  75  4:52  Drone x5  
  79  4:57  Zerg Melee Weapons Level 1  
  79  4:59  Spore Crawler  
  78  5:02  Drone  
  78  5:03  Drone  
  80  5:09  Zergling x2  
  80  5:10  Overlord x2  
  81  5:14  Overlord  
  81  5:22  Extractor  
  81  5:26  Overlord  
  80  5:29  Hatchery  
  80  5:30  Lair  
  80  5:33  Baneling Nest  
  80  5:35  Drone  
  79  5:37  Hatchery  
  79  5:42  Zergling x6  
  81  5:43  Zergling x4  
  81  5:46  Drone x2  
  81  5:47  Drone  
  86  5:51  Zergling x10  
  86  5:55  Zergling x10  
  94  6:12  Zergling x8  
  94  6:17  Baneling x7  
  97  6:18  Drone  
  97  6:19  Drone x3  
  97  6:23  Zergling x10  
  106  6:30  Zergling x8  
  110  6:35  Zergling x4  
  110  6:36  Hatchery  
  110  6:40  Zergling x2  
  110  6:42  Baneling  
  110  6:43  Baneling x4, Zergling x4  
  113  6:51  Zergling x6  
  106  6:55  Zerg Melee Weapons Level 2, Centrifical Hooks, Zerg Ground Armor Level 2  
  106  6:58  Drone x8  
  114  7:11  Overlord  
  114  7:12  Overlord x2  
  114  7:15  Infestation Pit  
  114  7:17  Spore Crawler  
  111  7:26  Zergling x32  
  111  7:29  Overlord x3  
  126  7:45  Zergling x16  
  132  7:52  Hive  
  132  7:57  Drone x9  
  141  7:59  Baneling x5  
  141  8:06  Pneumatized Carapace, Overlord  
  141  8:09  Baneling x8  
  141  8:12  Zergling x16  
  148  8:19  Spore Crawler  
  147  8:20  Spore Crawler  
  147  8:21  Zergling x20  
  156  8:30  Zergling x2  
  156  8:31  Zergling x18  
  166  8:38  Overlord  
  163  8:42  Drone x6  
  163  8:43  Drone x5  
  174  8:54  Baneling x3  
  174  8:55  Zergling x16  
  182  9:00  Hatchery  
  179  9:04  Zergling x2  
  179  9:05  Zergling x16  
  177  9:10  Baneling x13, Zergling x12  
  180  9:23  Zergling x22  
  189  9:30  Zergling x10  
  184  9:40  Zerg Melee Weapons Level 3, Zerg Ground Armor Level 3  
  184  9:42  Zergling x26  
  193  9:47  Zergling x4  
  193  9:48  Zergling x8  
  166  10:01  Zergling x2  
  166  10:02  Zergling x20  
  166  10:05  Adrenal Glands  
  166  10:09  Extractor  
  166  10:10  Extractor, Zergling x6  
  167  10:19  Zergling x24  
  179  10:24  Extractor, Spire  
  179  10:25  Spire, Hatchery  
  179  10:26  Extractor  
  174  10:29  Drone x3  
  174  10:31  Extractor x2  
  175  10:36  Baneling  
  175  10:37  Baneling x5  
  175  10:42  Hatchery  
  175  10:46  Overlord x2  
  175  10:47  Zergling x36  
  191  11:10  Hatchery  
  184  11:12  Drone x4  
  184  11:16  Drone x4  
  191  11:18  Drone x3  
  191  11:19  Drone  
  191  11:24  Zergling x12  
  199  11:27  Overlord  
  199  11:36  Overlord  
  199  11:40  Zerg Flyer Armor Level 1, Zerg Flyer Weapons Level 1  
  199  11:47  Spore Crawler  
  199  11:50  Baneling  
  199  11:51  Baneling x9  
  191  12:18  Drone  
  191  12:19  Drone x7  
  197  12:42  Spore Crawler x2  
  184  12:44  Spore Crawler  
  184  12:48  Zergling x50  
  172  12:58  Drone  
  172  12:59  Drone x15  
  172  13:02  Baneling Nest  
  174  13:08  Spore Crawler, Queen x2  
  173  13:13  Zergling x26  
  166  13:22  Zergling x16  
  166  13:23  Zergling x4  
  172  13:31  Zergling x2  
  173  13:35  Zergling x12  
  173  13:40  Zergling x6  
  173  13:41  Zergling x2  
  179  13:54  Zergling x16  
  179  13:55  Zergling x12  
  185  14:09  Zergling x22  
  192  14:16  Hatchery  
  153  14:19  Zergling x12  
  153  14:23  Zerg Flyer Armor Level 2, Zerg Flyer Weapons Level 2  
  139  14:25  Corruptor x5  
  139  14:31  Corruptor x11  
  149  14:36  Baneling  
  149  14:37  Spore Crawler, Baneling  
  149  14:38  Baneling x14  
  170  14:39  Zergling x6, Spine Crawler  
  170  14:40  Spine Crawler  
  170  14:44  Zergling x2  
  170  14:45  Zergling x8  
  176  14:51  Zergling x10  
  181  15:02  Zergling x30  
  196  15:14  Zergling x14  
  196  15:23  Zergling x10  
  200  15:29  Spore Crawler  
  200  15:32  Spore Crawler  
  200  15:34  Spore Crawler  
  197  15:37  Zergling x6  
  199  16:02  Baneling x14  
  199  16:04  Ultralisk Cavern  
  198  16:16  Baneling x8  
  197  16:24  Zergling x10  
  200  16:32  Corruptor x7  
  200  16:41  Hatchery  
  200  16:43  Baneling x2  
  200  16:44  Baneling x5  
  199  16:50  Chitinous Plating  
  197  17:12  Hatchery  
  197  17:14  Zergling x22  
  197  17:15  Zergling x30  
  176  17:25  Zergling x46  
  176  17:26  Zergling x6  
  191  17:30  Zergling x2  
  191  17:31  Zergling x10  
  191  17:39  Zergling x12  
  194  17:55  Zergling x12  
  200  17:59  Baneling x12  
  198  18:08  Overseer x2  
  197  18:19  Baneling x18  
  197  18:23  Zergling x4  
  196  18:50  Zergling x12  
Tags
 
Add a new tag
Caveats
  • Supply blocks, unpowered buildings, or Contaminate may cause inaccurate times.
  • Supply counts are checked every 10 seconds.